 Dungeon Crawl Stone Soup version 0.24-a0-439-g6dd8730de2 (webtiles) character file.

Game seed: 2904444569148546856

47 Nattfarinn the Grave Robber (level 3, -1/28 HPs)
             Began as a Ghoul Necromancer on June 18, 2019.
             Slain by Terence
             ... wielding a +2 hand axe of electrocution
              (2 damage)
             ... on level 2 of the Dungeon.
             The game lasted 00:02:39 (1554 turns).

Nattfarinn the Grave Robber (Ghoul Necromancer)     Turns: 1554, Time: 00:02:40

Health: -1/28      AC:  2    Str: 11    XL:     3   Next: 70%
Magic:  0/5        EV: 12    Int: 16    God:
Gold:   51         SH:  0    Dex:  9    Spells: 5/6 levels left

rFire    + . .     SeeInvis .     - Unarmed
rCold    + + .     Gourm    .   (no shield)
rNeg     + + +     Faith    .   a - +0 robe
rPois    ∞         Spirit   .   (no helmet)
rElec    +         Reflect  .   (no cloak)
rCorr    +         Harm     .   (no gloves)
MR       .....                  (no boots)
Stlth    ++........             (no amulet)
HPRegen  0.00/turn              (no ring)
MPRegen  0.09/turn              (no ring)

@: brilliant, resistant, rotting
A: rotting body, claws 1, carnivore, cold resistance 1, negative energy
resistance 3, inhibited regeneration, torment resistance, unbreathing
a: no special abilities


You were on level 2 of the Dungeon.
You were not hungry.

You visited 1 branch of the dungeon, and saw 2 of its levels.

You collected 51 gold pieces.

Inventory:

Armour
 a - a +0 robe (worn)
Scrolls
 b - a scroll of teleportation {unknown}
 d - a scroll of fog {unknown}
 f - 3 scrolls of identify {unknown}
 i - a scroll of amnesia {unknown}
 j - a scroll of noise {unknown}
 k - a scroll of remove curse {unknown}
Potions
 e - 2 potions of curing
Comestibles
 c - a ration
 l - a chunk of flesh


   Skills:
 + Level 1.3 Fighting
 - Level 1.7 Dodging
 - Level 2.1 Stealth
 + Level 1.3 Unarmed Combat
 + Level 2.1 Spellcasting
 * Level 4.5 Necromancy


You had 5 spell levels left.
You knew the following spells:

 Your Spells              Type           Power        Failure   Level  Hunger
a - Pain                  Necr           ####         1%          1    #......

Your spell library contained the following spells:

 Spells                   Type           Power        Failure   Level  Hunger
 Animate Skeleton         Necr           N/A          1%          1    #......
 Vampiric Draining        Necr           ####......   1%          3    ###....
 Regeneration             Chrm/Necr      ###.......   3%          3    ###....
 Animate Dead             Necr           N/A          4%          4    #####..


Dungeon Overview and Level Annotations

Branches:
Dungeon (2/15)

Altars:

Annotations:
D:2 Terence


Innate Abilities, Weirdness & Mutations

Your body is rotting away.
You thrive on raw meat.
You are immune to poison.
You have sharp fingernails.
You are carnivorous and can eat meat at any time.
Your flesh is cold resistant. (rC+)
You are immune to negative energy. (rN+++)
You do not regenerate when monsters are visible.
You are immune to unholy pain and torment.
You can survive without breathing.


Message History

You scratch Terence.
Terence is almost dead.
Terence hits you with a +2 hand axe of electrocution.
* * * LOW HITPOINT WARNING * * *
You completely miss Terence.
Terence is almost dead.
Terence zaps a wand.
The now-empty wand crumbles to dust.
You scratch Terence but do no damage.
Terence is almost dead.
You scratch Terence but do no damage.
Terence is almost dead.
Terence hits you but does no damage.
You scratch Terence but do no damage.
Terence is almost dead.
Terence hits you with a +2 hand axe of electrocution!
* * * LOW HITPOINT WARNING * * *
You scratch Terence.
Terence is almost dead.
Terence hits you with a +2 hand axe of electrocution.
You die... . ####.# ### .<.#.##.# ... #........ ..# ...#[##.# #.# #.## ##.## #w## #.##...... #gb

........##. #@#
(..##.####.#####@#
÷#....# #(......#
...#### ###.#####
..## #.# #.# #.#
#.# #.# #.# #.#
#.### #.#
....##### #.#


You could see Terence, a worm, a goblin and a bat.

Vanquished Creatures
  An adder (D:2)
  An ooze (D:1)
  2 leopard geckos (D:1)
  2 giant cockroaches (D:1)
  6 goblins
  2 hobgoblins (D:1)
  4 jackals (D:1)
  A bat (D:1)
  2 frilled lizards
  4 kobolds
  6 rats
31 creatures vanquished.

Notes
Turn   | Place    | Note
-------+----------+-------------------------------------------
     0 | D:1      | Nattfarinn the Ghoul Necromancer began the quest for the
                  | Orb.
     0 | D:1      | Reached XP level 1. HP: 14/14 MP: 2/2
   387 | D:1      | Reached XP level 2. HP: 22/22 MP: 0/3
   629 | D:1      | Reached skill level 1 in Unarmed Combat
   701 | D:1      | Reached skill level 1 in Fighting
   714 | D:1      | Reached XP level 3. HP: 17/28 MP: 5/5
  1517 | D:2      | Noticed Terence
  1553 | D:2      | HP: 1/28 [Terence/+2 hand axe of electrocution (7)]
  1554 | D:2      | Slain by Terence

Levels and vault maps discovered:
D:1:      tarquinn_simple_flora_water_d, layout_loops_ring, minmay_door_square
D:2:      layout_loops_ring, nemelex_xobeh_ov_fountains_minmay, uniq_natasha,
          uniq_terence, uniq_sigmund

Skill      XL: |  1  2 |
---------------+-------+-----
Spellcasting   | 2 |  2.1
Unarmed Combat | 1 |  1.3
Fighting       | 1 |  1.3
Dodging        | |  1.7
Stealth        | |  2.1
Necromancy     | |  4.5

Action                   || total
-------------------------++-------
Melee: Unarmed           ||   122
       Punch             ||     1
 Cast: Pain              ||    24
  Use: Potion            ||     3
  Eat: Chunk             ||     4
Armor: Robe              ||    26
Dodge: Dodged            ||    83

Table legend:
 A = Non-vault XP
 B = Vault XP
 C = Vault XP percentage of total XP
 D = Non-vault monster count
 E = Vault monster count
 F = Vault count percentage of total count
                 A         B        C        D         E       F
            +---------+---------+-------+---------+---------+-------
      Total |      68 |       0 |   0.0 |      31 |       0 |   0.0
            +---------+---------+-------+---------+---------+-------
        D:1 |      48 |       0 |   0.0 |      25 |       0 |   0.0
        D:2 |      20 |       0 |   0.0 |       6 |       0 |   0.0
            +---------+---------+-------+---------+---------+-------
